 Dungeon Crawl Stone Soup version 0.30.0-19-g36f170ea60 (webtiles) character file.

Game seed: 3249094771666982831

13726 booth the Cleaver (level 12, 0/84 HPs)
             Began as a Gnoll Reaver on May 30, 2023.
             Was a Priest of Fedhas.
             Asphyxiated
             ... on level 11 of the Dungeon on May 31, 2023.
             The game lasted 01:28:01 (11563 turns).

booth the Cleaver (Gnoll Reaver)                   Turns: 11563, Time: 01:28:02

Health: 0/84       AC: 28    Str: 16    XL:     12   Next: 9%
Magic:  24/24      EV: 14    Int: 13    God:    Fedhas [***...]
Gold:   1144       SH: 10    Dex:  7    Spells: 21/28 levels left

rFire   . . .        B - +1 war axe
rCold   . . .        C - +0 buckler
rNeg    . . .        e - +18 Lear's hauberk
rPois   .            (helmet currently unavailable)
rElec   .            (no cloak)
rCorr   .            (gloves currently unavailable)
SInv    .            (boots currently unavailable)
Will    .....        r - amulet of reflection Stlth
                     i - ring of wizardry
HPRegen 0.34/turn    D - +5 ring of evasion
MPRegen 0.19/turn

%: reflection, wizardry (x1)
@: lethally poisoned (0 -> -23), slowed, very slow
A: fangs 1, strong nose, distributed training, clumsy 2, frail 1, screaming 1
a: Renounce Religion, Wall of Briars, Grow Ballistomycete


You were on level 11 of the Dungeon.
You worshipped Fedhas.
Fedhas was most pleased with you.
You visited 1 branch of the dungeon, and saw 11 of its levels.

You collected 1144 gold pieces.

Inventory:

Hand Weapons
 a - a +0 hand axe
 g - a +2 flail
 u - a +1 whip of electrocution
 B - a +1 war axe (weapon)
 K - a +4 mace of freezing
Missiles
 k - 8 boomerangs
 l - 3 atropa-tipped darts
 m - 68 poisoned darts (quivered)
 M - 10 curare-tipped darts
Armour
 b - a +0 leather armour
 d - a +1 pair of gloves
 e - the +18 Lear's hauberk (worn)
   (You found it on level 2 of the Dungeon)
 p - the +1 ring mail of the Original Sin {rN++ Will+ Str+4}
   (You found it on level 2 of the Dungeon)

   Str:       It affects your strength (+4).
   rN:        It greatly protects you from negative energy.
   Will:      It increases your willpower.
 y - a +2 hat
 z - a +0 pair of gloves
 C - a +0 buckler (worn)
 Q - a +0 pair of gloves
Jewellery
 i - a ring of wizardry (left hand)
 r - an amulet of reflection (around neck)
 w - a +4 ring of protection
 D - a +5 ring of evasion (right hand)
 F - a +6 ring of intelligence
Wands
 o - a wand of acid (7)
 s - a wand of digging (10)
 A - a wand of charming (9)
 L - a wand of flame (9)
 V - a wand of mindburst (2)
Scrolls
 j - a scroll of teleportation
 n - a scroll of amnesia
 q - a scroll of vulnerability
 x - a scroll of fear
 H - a scroll of blinking
 I - a scroll of enchant armour {unknown}
 O - a scroll of noise {unknown}
 S - a scroll of silence {unknown}
 U - a scroll of enchant weapon
Potions
 c - a potion of heal wounds
 f - 4 potions of attraction
 h - a potion of berserk rage {unknown}
 t - 2 potions of resistance
 v - 3 potions of haste
 E - a potion of mutation
 G - a potion of brilliance
 J - a potion of flight {unknown}
 N - 2 potions of cancellation {unknown}
 P - a potion of curing
 R - a potion of lignification {unknown}
 T - a potion of might {unknown}


   Skills:
 + Level 8.6 Fighting
 + Level 7.2 Short Blades
 + Level 7.2 Long Blades
 + Level 9.8 Axes
 + Level 7.2 Maces & Flails
 + Level 7.2 Polearms
 + Level 7.2 Staves
 + Level 7.2 Ranged Weapons
 + Level 7.2 Throwing
 + Level 7.2 Armour
 + Level 8.6 Dodging
 + Level 7.2 Stealth
 + Level 7.2 Shields
 + Level 7.2 Unarmed Combat
 + Level 8.9 Spellcasting
 + Level 8.2 Conjurations
 + Level 6.0 Hexes
 + Level 6.0 Summonings
 + Level 6.0 Necromancy
 + Level 6.0 Translocations
 + Level 6.0 Transmutations
 + Level 6.0 Fire Magic
 + Level 6.0 Ice Magic
 + Level 6.0 Air Magic
 + Level 6.0 Earth Magic
 + Level 6.0 Poison Magic
 + Level 7.9 Invocations
 + Level 7.2 Evocations


You had 21 spell levels left.
You knew the following spells:

 Your Spells              Type           Power      Damage    Failure   Level
a - Kiss of Death         Conj/Necr      96%        2d12      3%          1
b - Momentum Strike       Conj/Tloc      48%        3d9       4%          2
c - Hailstorm             Conj/Ice       24%        3d7       10%         3
d - Apportation           Tloc           42%        N/A       5%          1

Your spell library contained the following spells:

 Spells                   Type           Power      Damage    Failure   Level
 Blink                    Tloc           42%        N/A       8%          2
 Ensorcelled Hibernation  Hex/Ice        42%        N/A       8%          2
 Lesser Beckoning         Tloc           42%        N/A       8%          2
 Call Canine Familiar     Summ           21%        N/A       16%         3
 Portal Projectile        Hex/Tloc       42%        N/A       16%         3
 Ice Form                 Ice/Tmut       21%        N/A       43%         4
 Leda's Liquefaction      Hex/Erth       10%        N/A       43%         4
 Summon Ice Beast         Ice/Summ       21%        N/A       43%         4


Dungeon Overview and Level Annotations

Branches:
Dungeon (11/15)            Temple (0/1) D:4            Lair (0/5) D:9
    Orc (0/2) D:10

Altars:
Cheibriados
Fedhas
Hepliaklqana
Kikubaaqudgha
Makhleb
Okawaru
Qazlal
Ru
Trog
Vehumet
Yredelemnul
Zin

Shops:
D:2 (   D:10 ([

Annotations:
D:5 1 runed translucent door, BlasphemerAmon's ghost, amateur DENe


Innate Abilities, Weirdness & Mutations

You have very sharp teeth.
Your uncanny sense of smell can sniff out nearby items.
Your experience applies equally to all skills.
You are very clumsy. (Dex -4)
You are frail. (-10% HP)
You occasionally shout uncontrollably at your foes.


Message History

Something barely misses you.
Things that are here:
a +0 short sword; 4 poisoned darts; a kobold corpse You barely miss something.
You block something's attack.
A kobold brigand comes into view.
It is wielding a +0 whip and quivering curare-tipped darts.
You closely miss something. Something hits you!
* * * LOW HITPOINT WARNING * * *
The kobold brigand throws a curare-tipped dart.
The curare-tipped dart barely misses you.
The kobold brigand throws a curare-tipped dart.
You block the curare-tipped dart with an invisible shield... and reflect it back!
The curare-tipped dart barely misses the kobold brigand.
You hit something but do no damage.
Something hits you but does no damage. x2
Something hits you but does no damage.
Things that are here:
a +0 whip; a curare-tipped dart Something hits you but does no damage.
Things that are here:
a +0 short sword; 4 poisoned darts; a kobold corpse Something hits you but does no damage.
The kobold brigand throws a curare-tipped dart.
The curare-tipped dart hits you.
You are poisoned.
You have difficulty breathing.
* * * LOW HITPOINT WARNING * * *
You feel yourself slow down.
* * * LOW HITPOINT WARNING * * *
You feel extremely sick. Something hits you but does no damage.
Things that are here:
a +0 short sword; 4 poisoned darts; a kobold corpse
* * * LOW HITPOINT WARNING * * *
You feel very sick. Something hits you but does no damage.
The kobold brigand throws a curare-tipped dart.
The curare-tipped dart hits you.
You are more poisoned.
You have difficulty breathing.
You die...
Fedhas appreciates your contribution to the ecosystem.

############
####..........#
##..)..........# #######
#..##..........# .......
#.###.)........##.......
#.# #..........#........
..# #..........#........
.## #.......†K.)@.......
## #......)P..##)......
###.######## ....... .#
....... .# ####.## .. '


You could see a kobold brigand and a friendly ballistomycete (summoned).

Vanquished Creatures
  2 two-headed ogres (D:9)
  Lodul (D:11)
  Pikel (D:8)
  A cyclops (D:11)
  A manticore (D:11)
  An unseen horror (D:11)
  A gargoyle (D:11)
  A kobold demonologist (D:11)
  A rime drake (D:9)
  4 yaktaurs (D:11)
  A hornet (D:10)
  A polar bear (D:9)
  A shadow (D:11)
  A wraith (D:11)
  A wyvern (D:9)
  10 yaks
  A steam dragon (D:10)
  An acid dragon (D:8)
  2 water moccasins
  3 orc warriors
  A sky beast (D:8)
  5 ice beasts
  3 black bears
  A wolf (D:9)
  6 ogres (D:11)
  3 centaurs
  4 lemures (D:8)
  22 kobold brigands
  2 bullfrogs
  A scorpion (D:5)
  2 necrophages (D:4)
  11 wights
  3 howler monkeys (D:11)
  An electric eel (D:11)
  A bullfrog zombie (D:4)
  A human zombie (D:4)
  2 hounds
  A jelly (D:6)
  8 orc priests
  2 gnoll boudas
  An iron imp (D:9)
  Jessica (D:2)
  Natasha (thrice) (D:2)
  5 iguanas
  8 orc wizards
  Terence (D:2)
  2 hound zombies (D:4)
  A mummy (D:4)
  5 adders
  15 gnolls
  A shadow imp (D:6)
  An ufetubus (D:7)
  3 adder zombies (D:4)
  A dart slug (D:4)
  36 orcs
  7 bats
  7 endoplasms
  6 goblins
  8 hobgoblins
  2 jackals (D:1)
  26 kobolds
  3 quokkas
  2 ball pythons (D:1)
  5 frilled lizards
  A rat (D:1)
  A ballistomycete spore (D:11)
268 creatures vanquished.

Vanquished Creatures (collateral kills)
  A yaktaur (D:11)
  A bullfrog (D:7)
  50 ballistomycete spores
52 creatures vanquished.

Vanquished Creatures (others)
  2 kobold brigands (D:11)
  A sleepcap (D:7)
  An orc wizard (D:8)
  An orc (D:7)
  5 kobolds
  6 ballistomycete spores
16 creatures vanquished.

Grand Total: 336 creatures vanquished

Notes
Turn   | Place    | Note
-------+----------+-------------------------------------------
     0 | D:1      | booth the Gnoll Reaver began the quest for the Orb.
     0 | D:1      | Reached XP level 1. HP: 20/20 MP: 6/6
   162 | D:1      | Reached XP level 2. HP: 21/26 MP: 7/7
   165 | D:1      | Learned a level 2 spell: Momentum Strike
   720 | D:1      | Reached skill level 5 in Spellcasting
   720 | D:1      | Reached XP level 3. HP: 31/31 MP: 7/9
   733 | D:1      | Learned a level 3 spell: Hailstorm
  1129 | D:2      | Found the +18 Lear's hauberk
  1231 | D:2      | Found Itzad's Antique Weapon Shoppe.
  1294 | D:2      | Noticed Jessica
  1303 | D:2      | Killed Jessica
  1304 | D:2      | Reached skill level 1 in Short Blades
  1304 | D:2      | Reached skill level 1 in Long Blades
  1304 | D:2      | Reached skill level 1 in Maces & Flails
  1304 | D:2      | Reached skill level 1 in Polearms
  1304 | D:2      | Reached skill level 1 in Staves
  1304 | D:2      | Reached skill level 1 in Ranged Weapons
  1304 | D:2      | Reached skill level 1 in Throwing
  1304 | D:2      | Reached skill level 1 in Armour
  1304 | D:2      | Reached skill level 1 in Stealth
  1304 | D:2      | Reached skill level 1 in Shields
  1304 | D:2      | Reached skill level 1 in Unarmed Combat
  1304 | D:2      | Reached skill level 1 in Invocations
  1304 | D:2      | Reached skill level 1 in Evocations
  1317 | D:2      | Reached XP level 4. HP: 38/38 MP: 11/11
  1399 | D:2      | Noticed Natasha
  1410 | D:2      | Killed Natasha
  1411 | D:2      | Reached skill level 1 in Hexes
  1411 | D:2      | Reached skill level 1 in Summonings
  1411 | D:2      | Reached skill level 1 in Necromancy
  1411 | D:2      | Reached skill level 1 in Translocations
  1411 | D:2      | Reached skill level 1 in Transmutations
  1411 | D:2      | Reached skill level 1 in Fire Magic
  1411 | D:2      | Reached skill level 1 in Ice Magic
  1411 | D:2      | Reached skill level 1 in Air Magic
  1411 | D:2      | Reached skill level 1 in Earth Magic
  1411 | D:2      | Reached skill level 1 in Poison Magic
  1448 | D:2      | Noticed Terence
  1464 | D:2      | Killed Terence
  1487 | D:2      | Noticed Natasha
  1500 | D:2      | Killed Natasha
  1501 | D:2      | Reached XP level 5. HP: 39/43 MP: 12/12
  1502 | D:2      | Identified the +1 ring mail of the Original Sin {rN++ Will+
                  | Str+4}
  1637 | D:2      | Got the Atlas of Freezing Superposition
  1644 | D:2      | Noticed Natasha
  1656 | D:2      | Killed Natasha
  2367 | D:3      | Found a faded altar of an unknown god.
  2374 | D:3      | Prayed at the altar of an unknown god.
  2374 | D:3      | Became a worshipper of Fedhas Madash
  2374 | D:3      | Reached * piety under Fedhas
  2420 | D:3      | Found an ancient bone altar of Kikubaaqudgha.
  2520 | D:3      | Found a hazy altar of Hepliaklqana.
  2678 | D:3      | Found a stormy altar of Qazlal.
  2906 | D:4      | Reached XP level 6. HP: 50/50 MP: 13/13
  3091 | D:4      | Reached skill level 5 in Fighting
  3091 | D:4      | Reached skill level 5 in Dodging
  3102 | D:4      | Found a basalt altar of Yredelemnul.
  3207 | D:4      | Reached ** piety under Fedhas
  3255 | D:4      | Reached XP level 7. HP: 54/54 MP: 15/15
  3266 | D:4      | Reached skill level 7 in Axes
  3530 | D:4      | Found a staircase to the Ecumenical Temple.
  3935 | D:5      | Entered Level 5 of the Dungeon
  3971 | D:5      | Found an iron altar of Okawaru.
  4051 | D:5      | Reached XP level 8. HP: 61/63 MP: 16/16
  4192 | D:5      | Found a runed translucent door.
  4195 | D:5      | Noticed BlasphemerAmon's ghost (amateur DENe)
  4312 | D:5      | Reached *** piety under Fedhas
  4813 | D:6      | Identified the +0 ring mail of Rid Palug {Harm Str+2 Int+3}
  5861 | D:7      | Reached XP level 9. HP: 56/69 MP: 18/18
  5922 | D:7      | Found a radiant altar of Vehumet.
  6414 | D:7      | Found a sacrificial altar of Ru.
  6521 | D:7      | Gained mutation: Your mind is acute. (Int +4, Str/Dex -1)
                  | [potion of mutation]
  6521 | D:7      | Gained mutation: Your body sometimes deteriorates upon
                  | taking damage. [potion of mutation]
  6777 | D:8      | Found a burning altar of Makhleb.
  6781 | D:8      | Reached skill level 8 in Axes
  6793 | D:8      | Learned a level 1 spell: Apportation
  6971 | D:8      | Noticed Pikel
  6999 | D:8      | Killed Pikel
  7000 | D:8      | Reached skill level 5 in Invocations
  7129 | D:8      | Reached skill level 5 in Short Blades
  7129 | D:8      | Reached skill level 5 in Long Blades
  7129 | D:8      | Reached skill level 5 in Maces & Flails
  7129 | D:8      | Reached skill level 5 in Polearms
  7129 | D:8      | Reached skill level 5 in Staves
  7129 | D:8      | Reached skill level 5 in Ranged Weapons
  7129 | D:8      | Reached skill level 5 in Throwing
  7129 | D:8      | Reached skill level 5 in Armour
  7129 | D:8      | Reached skill level 5 in Stealth
  7129 | D:8      | Reached skill level 5 in Shields
  7129 | D:8      | Reached skill level 5 in Unarmed Combat
  7129 | D:8      | Reached skill level 5 in Evocations
  7132 | D:8      | Reached XP level 10. HP: 77/77 MP: 17/20
  7323 | D:8      | Lost mutation: Your body sometimes deteriorates upon taking
                  | damage. [potion of mutation]
  7323 | D:8      | Lost mutation: Your mind is acute. (Int +4, Str/Dex -1)
                  | [potion of mutation]
  7323 | D:8      | Gained mutation: You have hidden genetic defects. [potion
                  | of mutation]
  7323 | D:8      | Gained mutation: You are clumsy. (Dex -2) [potion of
                  | mutation]
  7323 | D:8      | Gained mutation: You are very clumsy. (Dex -4) [potion of
                  | mutation]
  7817 | D:9      | Gained mutation: You occasionally shout uncontrollably at
                  | your foes. [hidden defects]
  7880 | D:9      | Noticed a two-headed ogre
  7902 | D:9      | Killed a two-headed ogre
  8021 | D:9      | Found a bloodstained altar of Trog.
  8078 | D:9      | Gained mutation: You are frail. (-10% HP) [hidden defects]
  8078 | D:9      | Lost mutation: You have hidden genetic defects. [hidden
                  | defects expressed]
  8085 | D:9      | Noticed a two-headed ogre
  8101 | D:9      | Killed a two-headed ogre
  8102 | D:9      | Reached skill level 9 in Axes
  8102 | D:9      | Reached skill level 5 in Hexes
  8102 | D:9      | Reached skill level 5 in Summonings
  8102 | D:9      | Reached skill level 5 in Necromancy
  8102 | D:9      | Reached skill level 5 in Translocations
  8102 | D:9      | Reached skill level 5 in Transmutations
  8102 | D:9      | Reached skill level 5 in Fire Magic
  8102 | D:9      | Reached skill level 5 in Ice Magic
  8102 | D:9      | Reached skill level 5 in Air Magic
  8102 | D:9      | Reached skill level 5 in Earth Magic
  8102 | D:9      | Reached skill level 5 in Poison Magic
  8102 | D:9      | Reached XP level 11. HP: 67/76 MP: 22/22
  8156 | D:9      | Found a staircase to the Lair.
  8176 | D:9      | Found a snail-covered altar of Cheibriados.
  8641 | D:10     | Entered Level 10 of the Dungeon
  9434 | D:10     | Found a staircase to the Orcish Mines.
  9434 | D:10     | Found Kerublas's Armour Emporium.
  9434 | D:10     | Found Sosol's Weapon Emporium.
  9503 | D:10     | Found a glowing silver altar of Zin.
 10979 | D:11     | Noticed a manticore
 11044 | D:11     | Killed a manticore
 11153 | D:11     | Noticed a cyclops
 11216 | D:11     | Killed a cyclops
 11281 | D:11     | Noticed Lodul
 11297 | D:11     | Killed Lodul
 11355 | D:11     | Reached XP level 12. HP: 64/84 MP: 24/24
 11563 | D:11     | Asphyxiated

Illustrated notes

Levels and vault maps discovered:
D:1:      beargit_arrival_diablo_church, layout_loops_corners
D:2:      layout_loops_ring, serial_shops, shop, uniq_terence, uniq_natasha,
          uniq_jessica
D:3:      layout_loops_corners, mainiacjoe_overflow_cross_hatched,
          mainiacjoe_overflow_alcove_2, lemuel_crystal_altar,
          basic_ecumenical_altar
D:4:      layout_basic, lemuel_mausoleum_altar_yredelemnul,
          minmay_temple_entry_hall, solitary_fountain
D:5:      layout_loops_ring, overflow_temple_1_default,
          hellmonk_ghost_happy_afterlife, chequers_serial_rivers_room_b,
          grunt_decor_cap
D:6:      layout_basic
D:7:      layout_cave_pools, nicolae_ru_the_path_less_chosen,
          nicolae_vehumet_radiance
D:8:      layout_basic, makhleb_blood_cavern_becter, minivault_25,
          dk_vineyard_3, uniq_pikel
D:9:      layout_basic, slow_altar_2, bloody_trog, hellmonk_lair_entry_icy,
          minmay_misc_feat_encased
D:10:     layout_layer_cave, lemuel_coloured_pillars_altar, orc_david_3
D:11:     layout_roguey [special_room_kobold], serial_shops, statue_bzr,
          serial_bayou_lake_a, uniq_lodul

Skill      XL: |  1  2  3  4  5  6  7  8  9 10 11 12 |
---------------+-------------------------------------+-----
Spellcasting   | 5 6 7 8 |  8.9
Short Blades   | 1 2 3 5 6 7 |  7.2
Long Blades    | 1 2 3 5 6 7 |  7.2
Maces & Flails | 1 2 3 5 6 7 |  7.2
Polearms       | 1 2 3 5 6 7 |  7.2
Staves         | 1 2 3 5 6 7 |  7.2
Ranged Weapons | 1 2 3 5 6 7 |  7.2
Throwing       | 1 2 3 5 6 7 |  7.2
Armour         | 1 2 3 5 6 7 |  7.2
Stealth        | 1 2 3 5 6 7 |  7.2
Shields        | 1 2 3 5 6 7 |  7.2
Unarmed Combat | 1 2 3 5 6 7 |  7.2
Invocations    | 1 2 3 4 5 6 7 |  7.9
Evocations     | 1 2 3 5 6 7 |  7.2
Hexes          | 1 2 3 4 5 6 |  6.0
Summonings     | 1 2 3 4 5 6 |  6.0
Necromancy     | 1 2 3 4 5 6 |  6.0
Translocations | 1 2 3 4 5 6 |  6.0
Transmutations | 1 2 3 4 5 6 |  6.0
Fire Magic     | 1 2 3 4 5 6 |  6.0
Ice Magic      | 1 2 3 4 5 6 |  6.0
Air Magic      | 1 2 3 4 5 6 |  6.0
Earth Magic    | 1 2 3 4 5 6 |  6.0
Poison Magic   | 1 2 3 4 5 6 |  6.0
Fighting       | 5 6 7 8 |  8.6
Dodging        | 5 6 7 8 |  8.6
Axes           | 7 8 9 |  9.8
Conjurations   | 6 7 8 |  8.2

Action                     |  1- 3 |  4- 6 |  7- 9 | 10-12 || total
---------------------------+-------+-------+-------+-------++-------
  Melee: Hand axe          |    91 |   228 |       |       ||   319
         Bite              |     4 |    22 |    55 |    60 ||   141
         Punch             |     2 |     8 |    10 |       ||    20
         Whip              |       |     8 |   498 |   143 ||   649
         War axe           |       |       |       |   319 ||   319
  Throw: Dart              |     4 |     3 |     7 |    34 ||    48
         Boomerang         |       |       |       |     2 ||     2
   Cast: Momentum Strike   |       |       |     1 |     3 ||     4
         Hailstorm         |       |       |       |     1 ||     1
 Invoke: Grow Ballistomyce |       |       |     6 |     7 ||    13
         Wall of Briars    |       |       |     1 |     2 ||     3
  Evoke: Wand              |       |       |     2 |     7 ||     9
    Use: Scroll            |     2 |     4 |     7 |     1 ||    14
         Potion            |     1 |     1 |     4 |     2 ||     8
   Stab: Sleeping          |     2 |       |       |       ||     2
         Invisible         |       |     1 |       |       ||     1
         Confused          |       |       |       |     2 ||     2
 Armour: Leather armour    |    22 |       |       |       ||    22
         Chain mail        |     4 |   134 |   288 |   219 ||   645
  Dodge: Dodged            |    45 |    76 |   194 |   210 ||   525
  Block: Other             |       |       |    30 |       ||    30
         Buckler           |       |       |    99 |   222 ||   321
         Reflection        |       |       |    10 |    16 ||    26
